Map: Abiogenesis LE

Players

Pepo - Winner!

  • Race: Terran Terran
  • League: Platinum
  • Spawn Location: 11:00

MCLP

  • Race: Terran Terran
  • League: Gold
  • Spawn Location: 5:00

VOD

Have the link to the VOD?

Description

Time

  • Played on: April 24, 2018, 8:14 p.m.
  • Length: 17:39
Show
View Real Time Build Order
Export as new Build Order

Pepo Terran - Winner!

Build Orders: Reaper Expand 

Get SALT Encoding   

  12  0:01  SCV  
  13  0:13  SCV  
  14  0:17  Supply Depot  
  14  0:25  SCV  
  15  0:31  Refinery  
  15  0:38  SCV  
  16  0:45  Barracks  
  16  0:51  SCV  
  17  1:03  SCV  
  18  1:15  SCV  
  19  1:33  Reaper, Orbital Command  
  20  1:57  Command Center  
  20  1:59  SCV  
  21  2:08  Supply Depot  
  21  2:20  Barracks Reactor  
  21  2:21  SCV, Factory  
  22  2:44  SCV  
  23  3:00  SCV  
  23  3:01  Marine x2  
  26  3:10  Orbital Command  
  27  3:31  Marine  
  27  3:32  Marine  
  28  3:36  Factory Tech Lab  
  28  3:38  Starport  
  28  3:39  SCV x2  
  30  3:49  Marine  
  31  4:02  Orbital Command  
  30  4:14  Marine x2  
  30  4:16  Siege Tank  
  34  4:26  SCV, Refinery  
  34  4:29  SCV  
  36  4:32  Marine x2  
  38  4:38  SCV  
  37  5:02  Marine x2  
  38  5:29  Supply Depot x2  
  38  5:32  Marine x2, Siege Tank  
  43  5:49  Barracks  
  43  5:53  Supply Depot, Barracks  
  43  5:57  Medivac  
  45  6:00  Orbital Command  
  45  6:11  Marine x2  
  38  6:14  Liberator  
  40  6:29  Marine x2  
  45  6:36  Barracks Tech Lab  
  45  6:40  Barracks Reactor  
  45  6:41  SCV x2  
  45  6:46  Marine  
  45  6:47  Marine  
  47  6:53  SCV  
  47  6:54  SCV  
  51  6:59  Supply Depot  
  51  7:00  Stimpack  
  51  7:01  Supply Depot  
  51  7:04  Siege Tank  
  51  7:07  Engineering Bay  
  54  7:14  Marine  
  54  7:15  Marine x2  
  56  7:17  SCV x2  
  59  7:23  Supply Depot, Refinery  
  59  7:24  Marine x2  
  59  7:28  Medivac  
  59  7:29  SCV x2  
  65  7:32  Marine  
  66  7:37  Supply Depot  
  66  7:39  Terran Infantry Weapons Level 1  
  66  7:41  SCV  
  66  7:46  Missile Turret  
  66  7:50  Marine x2  
  66  7:51  Marauder  
  70  7:56  Supply Depot  
  70  7:57  SCV x2  
  72  8:01  Marine x2  
  72  8:03  Starport Reactor  
  72  8:05  Siege Tank  
  77  8:09  SCV x2  
  77  8:12  Supply Depot  
  79  8:19  Supply Depot  
  79  8:26  Missile Turret  
  79  8:37  SCV x2  
  79  8:38  Marine x4  
  85  8:48  Refinery  
  85  8:49  SCV x2  
  85  8:54  Missile Turret  
  87  8:56  Marine  
  87  8:57  Marine x3  
  87  8:58  Marauder  
  87  9:01  SCV  
  93  9:13  Medivac x2  
  97  9:21  Supply Depot  
  97  9:22  Marine x3  
  97  9:23  Marine, Marauder  
  103  9:32  SCV x2  
  103  9:36  Barracks  
  103  9:38  Barracks  
  105  9:43  Medivac x2  
  105  9:44  SCV x2  
  105  9:45  Marauder  
  113  9:55  Siege Tank  
  113  9:56  SCV  
  113  9:58  Supply Depot  
  116  10:01  Supply Depot  
  116  10:03  Combat Shields  
  116  10:05  Terran Infantry Armor Level 1  
  116  10:13  Medivac, Viking  
  118  10:41  Marine x3  
  118  10:42  Marine, Marauder  
  114  10:43  Viking  
  116  10:56  SCV x2  
  118  10:58  Engineering Bay  
  118  10:59  Armory  
  118  11:02  Barracks Tech Lab, Liberator  
  118  11:03  Barracks Reactor  
  118  11:04  Command Center  
  118  11:06  Medivac, Siege Tank  
  118  11:08  SCV x2  
  125  11:21  Marine x3  
  125  11:22  Marine, Marauder x2  
  136  11:34  SCV x2  
  136  11:36  Missile Turret  
  136  11:39  Marine x2  
  140  11:44  Marauder, Marine  
  140  11:45  Marine  
  140  11:46  SCV  
  140  11:47  SCV  
  146  11:50  Supply Depot  
  146  11:54  Marine  
  146  11:55  Marine, Supply Depot  
  146  11:58  Missile Turret  
  114  12:53  Marine  
  114  12:54  Marine x2  
  114  12:55  Marine x4, Marauder  
  110  13:11  Marine x2  
  112  13:13  Marine x2, Marauder  
  112  13:14  Marine x2  
  112  13:17  Marauder  
  112  13:18  Medivac  
  112  13:19  Viking  
  124  13:22  Supply Depot  
  124  13:23  Supply Depot x2  
  124  13:24  Supply Depot  
  124  13:31  Liberator  
  124  13:35  Marauder  
  124  13:38  Marauder  
  128  13:42  Terran Infantry Weapons Level 2, Terran Infantry Armor Level 2  
  128  13:45  Terran Vehicle Weapons Level 1  
  131  13:56  Marauder  
  133  14:14  Orbital Command  
  133  14:16  Marine x6  
  139  14:33  Marine x2  
  139  14:34  Marine x2  
  139  14:35  Marine  
  139  14:36  Marine  
  145  14:52  Marauder  
  129  15:18  Marine x6  
  129  15:19  Marauder x2  
  139  15:27  Siege Tank  
  142  15:32  Orbital Command  
  142  15:39  Marine x5  
  141  15:59  Siege Tank  
  127  16:13  Marine  
  127  16:17  SCV x2  
  130  16:22  Marine x4  
  130  16:23  Marine  
  130  16:24  Marauder  
  137  16:41  Supply Depot  
  128  17:02  Marine x4  
  128  17:03  Marine x2, Marauder  
  128  17:06  Medivac x2  
  138  17:13  Marine  
  139  17:20  Marine x2  
Show
View Real Time Build Order
Export as new Build Order

MCLP Terran 

Build Orders: Cyclone Opening 

Get SALT Encoding   

  12  0:01  SCV  
  13  0:17  Supply Depot  
  13  0:18  SCV  
  14  0:30  SCV  
  15  0:40  Refinery  
  15  0:42  Barracks  
  15  0:45  SCV  
  16  0:54  Refinery  
  16  0:58  SCV  
  17  1:10  SCV  
  18  1:22  SCV  
  19  1:31  Factory  
  19  1:35  Supply Depot  
  19  1:40  Barracks Reactor  
  19  1:42  SCV  
  20  1:56  SCV  
  21  2:08  SCV  
  21  2:11  Supply Depot  
  22  2:28  Cyclone x2  
  28  2:30  SCV  
  29  2:41  Barracks  
  29  2:45  SCV  
  29  3:00  SCV  
  30  3:15  Cyclone  
  30  3:17  Cyclone  
  36  3:31  SCV  
  37  3:37  Barracks  
  37  4:07  Orbital Command  
  37  4:09  Marine  
  38  4:12  Starport  
  38  4:31  Marine  
  39  4:38  Marine  
  39  4:39  Widow Mine x2  
  39  4:40  Supply Depot  
  32  5:09  Marine  
  32  5:11  Starport Reactor  
  33  5:14  Barracks Tech Lab  
  33  5:16  Factory  
  33  5:18  SCV  
  34  5:29  Command Center  
  34  5:40  SCV  
  34  5:42  Marine x2  
  37  5:46  Widow Mine x2  
  37  5:48  Medivac x2  
  45  5:54  Stimpack  
  45  5:55  SCV  
  46  6:01  Supply Depot, Engineering Bay  
  46  6:06  Factory Tech Lab  
  46  6:07  SCV  
  43  6:27  Siege Tank  
  46  6:35  Barracks Reactor  
  46  6:37  SCV  
  46  6:39  Liberator  
  47  6:45  Orbital Command  
  47  6:58  Medivac  
  47  6:59  Siege Tank  
  55  7:02  Refinery x2  
  53  7:11  SCV  
  53  7:13  SCV  
  55  7:17  Marine x2  
  55  7:20  Marine x2  
  59  7:24  Terran Infantry Weapons Level 1  
  59  7:26  SCV x2  
  61  7:34  Marine  
  61  7:35  Marine  
  61  7:50  Liberator  
  61  7:56  Marine x3  
  61  7:58  Siege Tank  
  70  8:18  Marine x4  
  74  8:29  Starport  
  74  8:33  Siege Tank  
  80  8:41  Siege Tank  
  80  8:55  Supply Depot x3  
  80  9:04  SCV  
  80  9:05  SCV  
  82  9:11  Marine x2  
  82  9:12  Marine x2  
  82  9:17  Command Center, SCV  
  87  9:21  SCV  
  88  9:29  SCV  
  89  9:38  SCV  
  89  9:44  Marine x3  
  89  9:45  Marine  
  94  9:47  Terran Infantry Armor Level 1  
  94  9:57  Missile Turret  
  83  10:21  Missile Turret  
  72  10:42  Marine x3  
  73  10:43  Marine x2  
  77  10:57  Orbital Command  
  77  11:00  SCV x2, Refinery  
  79  11:12  SCV  
  80  11:24  Armory  
  80  11:26  SCV x2  
  82  11:35  SCV  
  83  11:43  SCV  
  84  11:47  SCV  
  85  12:00  SCV  
  86  12:12  SCV  
  60  12:51  Marine x2  
  60  12:52  Marine x2  
  60  12:54  Siege Tank x2  
  61  13:02  Liberator  
  61  13:12  Marine x3  
  62  13:13  Marine x2  
  62  13:17  Starport Tech Lab  
  62  13:18  Medivac  
  71  13:25  SCV x3  
  71  13:26  Siege Tank  
  77  13:31  Liberator  
  77  13:37  Marine x2, SCV x3  
  77  13:38  Marine x2  
  84  13:48  Terran Vehicle Weapons Level 1  
  84  13:49  SCV x3  
  84  13:52  Ghost Academy  
  90  13:56  Marine x4  
  94  14:05  SCV x2  
  96  14:10  SCV  
  96  14:11  Siege Tank x2  
  96  14:14  Medivac  
  105  14:17  SCV  
  105  14:20  Raven  
  108  14:26  Personal Cloaking  
  108  14:34  Barracks Tech Lab, Barracks  
  108  14:36  SCV  
  109  14:41  Refinery  
  109  14:49  Marine x4  
  111  15:01  Command Center  
  97  15:22  SCV x3  
  100  15:37  SCV x3  
  100  15:38  Marine x2  
  100  15:39  Marine x2  
  100  15:42  Ghost  
  67  16:14  Siege Tank x2  
  73  16:25  Supply Depot  
  71  16:26  Marine x5  
  71  16:31  Nuke  
  71  16:45  Marauder  
  69  16:48  Supply Depot  
  56  17:04  Marine x4  
  56  17:06  Marine  
Tags
 
Add a new tag
Caveats
  • Supply blocks, unpowered buildings, or Contaminate may cause inaccurate times.
  • Supply counts are checked every 10 seconds.